 Dungeon Crawl Stone Soup version 0.21.1-1-g345015f (webtiles) character file.

1016 twistedcrescendo the Poker (level 8, -3/67 HPs)
             Began as a Minotaur Fighter on June 14, 2018.
             Was a Follower of Okawaru.
             Killed by nerve-wracking pain
             ... invoked by an orc priest
              (7 damage)
             ... on level 6 of the Dungeon.
             The game lasted 00:49:23 (4144 turns).

twistedcrescendo the Poker (Minotaur Fighter)       Turns: 4144, Time: 00:49:24

Health: -3/67      AC: 10    Str: 22    XL:     8   Next: 1%
Magic:  7/7        EV: 10    Int:  5    God:    Okawaru [*.....]
Gold:   205        SH: 13    Dex: 11    Spells: 7/7 levels left

rFire    . . .     SeeInvis .   j - +3 spear (vamp)
rCold    . . .     Gourm    .   c - +0 shield
rNeg     + . .     Faith    .   m - +4 ring mail
rPois    .         Spirit   .   (helmet restricted)
rElec    .         Reflect  +   (no cloak)
rCorr    .         Harm     .   (no gloves)
MR       .....                  (no boots)
Stlth    +.........             t - +3 amulet of reflection
HPRegen  0.21/turn              p - ring of positive energy
MPRegen  0.10/turn              (no ring)

@: no status effects
A: retaliatory headbutt, horns 2
a: Heroism, Renounce Religion


You were on level 6 of the Dungeon.
You worshipped Okawaru.
Okawaru was aware of your devotion.
You were hungry.

You visited 2 branches of the dungeon, and saw 7 of its levels.

You collected 205 gold pieces.

Inventory:

Hand Weapons
 a - a +0 trident
 j - a +3 vampiric spear (weapon)
 k - a cursed -2 war axe
 n - a +0 dagger of draining
 q - the +4 dagger of the First Hells {venom, Fragile +Rage +Inv +Fly, unknown}
   (You found it on level 4 of the Dungeon)

   It poisons the flesh of those it strikes.
   It lets you turn invisible.
   It lets you fly.
   It lets you go berserk.
   It will be destroyed if unequipped.
 w - a +0 war axe
 y - a +1 dagger of speed
 A - a +2 hand axe of flaming
 B - a +0 giant club
 E - a +1 whip of electrocution
Missiles
 l - 52 arrows
 x - 93 stones
 C - 2 tomahawks of returning (quivered)
Armour
 b - a +0 scale mail
 c - a +0 shield (worn)
 m - a +4 ring mail (worn)
Jewellery
 p - a ring of positive energy (left hand)
 t - a +3 amulet of reflection (around neck)
 u - an uncursed amulet of rage {unknown}
Wands
 F - a wand of flame (35)
Scrolls
 e - 2 scrolls of teleportation
 g - a scroll of remove curse
 o - a scroll of noise
 s - a scroll of summoning {unknown}
 z - a scroll of immolation
Potions
 d - a potion of might
 h - 2 potions of degeneration {unknown}
 i - 2 potions of lignification {unknown}
 r - 3 potions of curing
 v - 2 potions of heal wounds {unknown}
 D - a potion of agility {unknown}
Comestibles
 f - 11 rations


   Skills:
 + Level 4.7 Fighting
 - Level 1.7(5.1) Axes
 * Level 7.6(7.7) Polearms
 + Level 2.0 Throwing
 + Level 5.1 Armour
 + Level 2.1 Dodging
 + Level 6.4 Shields


You had 7 spell levels left.
You didn't know any spells.

Dungeon Overview and Level Annotations

Branches:
Dungeon (6/15)             Temple (1/1) D:5

Altars:
Ashenzari
Cheibriados
Elyvilon
Fedhas
Gozag
Hepliaklqana
Kikubaaqudgha
Makhleb
Nemelex Xobeh
Okawaru
Qazlal
Sif Muna
Trog
Vehumet
Wu Jian
Yredelemnul
Zin
The Shining One

Annotations:
D:6 1 transporter


Innate Abilities, Weirdness & Mutations

You reflexively headbutt those who attack you in melee.
You have a pair of horns on your head.


Message History

There is an open door here.
The shadow imp gestures at you. Pain shoots through your body!
The orc priest mumbles some strange prayers to Beogh against you.
Beogh smites you!
The orc priest mumbles some strange prayers to Beogh against you.
Beogh smites you!
* * * LOW HITPOINT WARNING * * *
The shadow imp shouts, "Scamper home, thou warped onion-eyed skainsmate!"
The orc priest invokes the aid of Beogh against you.
Beogh smites you!
* * * LOW HITPOINT WARNING * * *
Attack whom?
Press: ? - help, Dir - move target cursor, f - orc priest
Aim: an orc priest, wielding a dagger and wearing a ring mail You reach to attack!
You hit the orc priest.
You feel better.
The orc priest is lightly wounded.
The orc priest mumbles some strange prayers to Beogh against you.
Pain shoots through your body!
You die...

#.....................
####.....................
#........................
##.....................
#.................##..# #
#.###############.##..#
#.#.#8P#oK5o5..#≈8#......
#.#.#P.#≈≈≈≈≈≈≈#.P#......
#...#..#@.≈≈P..#!$#......
#..©#©.'..≈⌠≈..+.©#©.....
##..#..#..≈≈P..#!$#......
##.#P.#≈≈≈≈≈≈≈#.P#.##...
#.#8P#55oo...#P8#.##...
#.###############......
#......................
############...........
#...........


You could see a kobold demonologist, 4 orc priests and 4 shadow imps.

Vanquished Creatures
  Menkaure (D:6)
  Edmund (D:6)
  A sky beast (D:6)
  An ogre (D:5)
  A scorpion (D:6)
  3 vampire bats (D:5)
  A howler monkey (D:5)
  3 orc priests
  2 orc wizards
  A hound skeleton (D:6)
  A howler monkey skeleton (D:4)
  A worker ant zombie (D:4)
  5 adders
  3 gnolls (D:2)
  2 shadow imps (D:6)
  3 oozes
  4 worms
  2 leopard geckos
  19 orcs
  12 bats
  3 giant cockroaches
  7 goblins
  10 hobgoblins
  8 jackals (D:5)
  4 quokkas
  7 frilled lizards
  5 kobolds
  A quokka zombie (D:5)
  9 rats
121 creatures vanquished.

Vanquished Creatures (others)
  An orc (D:6)
1 creature vanquished.

Grand Total: 122 creatures vanquished

Notes
Turn   | Place    | Note
-------+----------+-------------------------------------------
     0 | D:1      | twistedcrescendo the Minotaur Fighter began the quest for the Orb.
     0 | D:1      | Reached XP level 1. HP: 19/19 MP: 0/0
   114 | D:1      | Reached XP level 2. HP: 27/27 MP: 1/1
   553 | D:2      | Reached skill level 3 in Polearms
   601 | D:2      | Reached XP level 3. HP: 23/33 MP: 2/2
  1056 | D:2      | Reached skill level 4 in Polearms
  1061 | D:2      | Reached XP level 4. HP: 27/40 MP: 3/3
  1180 | D:2      | Found a snail-covered altar of Cheibriados.
  1519 | D:3      | Found a basalt altar of Yredelemnul.
  1809 | D:3      | Reached XP level 5. HP: 43/46 MP: 4/4
  1844 | D:3      | Found a blossoming altar of Fedhas.
  2085 | D:4      | Reached skill level 1 in Axes
  2085 | D:4      | Reached skill level 5 in Polearms
  2424 | D:4      | Got a steaming dagger
  2998 | D:5      | Entered Level 5 of the Dungeon
  3019 | D:5      | Reached skill level 1 in Dodging
  3074 | D:5      | Noticed an ogre
  3075 | D:5      | Reached XP level 6. HP: 53/53 MP: 5/5
  3109 | D:5      | Reached skill level 5 in Shields
  3240 | D:5      | Found a staircase to the Ecumenical Temple.
  3249 | Temple   | Entered the Ecumenical Temple
  3282 | Temple   | Became a worshipper of Warmaster Okawaru
  3335 | D:5      | Found a glowing golden altar of the Shining One.
  3417 | D:5      | Found an ancient bone altar of Kikubaaqudgha.
  3452 | D:5      | Reached skill level 6 in Polearms
  3509 | D:5      | Reached XP level 7. HP: 53/60 MP: 6/6
  3545 | D:5      | Found a sparkling altar of Nemelex Xobeh.
  3610 | D:6      | Found a hazy altar of Hepliaklqana.
  3616 | D:6      | Reached * piety under Okawaru
  3616 | D:6      | Reached skill level 1 in Throwing
  3683 | D:6      | Reached skill level 7 in Polearms
  3749 | D:6      | Noticed Menkaure
  3769 | D:6      | Killed Menkaure
  3769 | D:6      | Reached skill level 5 in Armour
  4047 | D:6      | Noticed Edmund
  4070 | D:6      | Killed Edmund
  4070 | D:6      | Reached XP level 8. HP: 60/67 MP: 1/7
  4098 | D:6      | Found a transporter.
  4117 | D:6      | Noticed a kobold demonologist
  4123 | D:6      | Found a transporter.
  4143 | D:6      | HP: 2/67 [orc priest/divine providence (16)]
  4144 | D:6      | Killed from afar by an orc priest

Skill      XL: |  1  2  3  4  5  6  7 |
---------------+----------------------+-----
Shields        | 4 5 6 |  6.4
Fighting       | 4 |  4.7
Polearms       | 3 4 5 6 7 |  7.6
Armour         | 4 5 |  5.1
Axes           | 1 |  1.7
Dodging        | 1 2 |  2.1
Throwing       | 2 |  2.0

Action                   |  1- 3 |  4- 6 |  7- 9 || total
-------------------------+-------+-------+-------++-------
Melee: Trident           |   113 |    76 |       ||   189
       Headbutt          |    12 |    31 |    10 ||    53
       War axe           |       |    17 |       ||    17
       Spear             |       |   115 |    65 ||   180
Throw: Tomahawk          |       |     2 |    19 ||    21
Invok: Heroism           |       |       |     1 ||     1
  Use: Scroll            |       |     9 |     4 ||    13
  Eat: Chunk             |     1 |     4 |     1 ||     6
       Ration            |       |     3 |       ||     3
Armor: Scale mail        |    29 |    35 |       ||    64
       Ring mail         |       |    24 |     6 ||    30
Dodge: Dodged            |    19 |    52 |     8 ||    79
Block: Shield            |    36 |    96 |    27 ||   159
       Reflection        |       |       |     3 ||     3
